 Dungeon Crawl Stone Soup version 0.16.2-12-gd0ad4c3 (webtiles) character file.

1550 faibistes the Thaumaturge (level 8, -13/41 HPs)
             Began as a Deep Elf Wizard on Feb 24, 2019.
             Was a Believer of Sif Muna.
             Killed from afar by an orc (17 damage)
             ... with a wand of cold
             ... on level 7 of the Dungeon.
             The game lasted 00:16:28 (7633 turns).

faibistes the Thaumaturge (Deep Elf Wizard)         Turns: 7633, Time: 00:16:28

Health: -13/41     AC:  9    Str:  7    XL:     8   Next: 57%
Magic:  10/27      EV: 14    Int: 26    God:    Sif Muna [**....]
Gold:   244        SH:  0    Dex: 13    Spells: 6 memorised, 11 levels left

rFire  . . .     SeeInvis .     r - +0 dagger
rCold  . . .     Clarity  .     a - +0 robe
rNeg   + . .     SustAb   .     (no shield)
rPois  .         Gourm    .     y - +1 hat
rElec  .         Spirit   .     k - +2 cloak
rCorr  .         Warding  .     D - +2 pair of gloves {Str+3}
rMut   .         Stasis   .     (no boots)
MR     .....                    x - amulet of inaccuracy (curse)
Stlth  ++........               (no ring)
                                t - ring of positive energy

@: repel missiles, not resistant to hostile enchantments, unstealthy
A: no striking features
a: Channel Energy, Forget Spell, Renounce Religion


You were on level 7 of the Dungeon.
You worshipped Sif Muna.
Sif Muna was pleased with you.
You were not hungry.

You visited 2 branches of the dungeon, and saw 9 of its levels.

You collected 374 gold pieces.
You spent 130 gold pieces at shops.

Inventory:

Hand weapons
 r - a +0 dagger (weapon)
 W - a +1 spear of freezing
Armour
 a - a +0 robe (worn)
 k - a +2 cloak (worn)
 y - a +1 hat (worn)
 D - a +2 pair of gloves of strength (worn)
Jewellery
 t - a ring of positive energy (left hand)
 x - a cursed amulet of inaccuracy (around neck)
Magical devices
 f - a wand of slowing (19)
 u - a wand of paralysis (13)
 A - a wand of random effects (22)
 C - a wand of fire (14)
Scrolls
 e - a scroll of enchant weapon
 g - 4 scrolls of remove curse
 m - 5 scrolls of teleportation
 n - a scroll of recharging
 q - a scroll of magic mapping
Potions
 b - a potion of ambrosia {unknown}
 o - 4 potions of curing
 v - 2 potions of lignification
 z - a potion of beneficial mutation {unknown}
 B - a potion of degeneration {unknown}
Books
 c - a book of Minor Magic

   Spells                             Type                      Level
   a - Magic Dart                     Conjuration                  1
   b - Blink                          Translocation                2
   c - Call Imp                       Summoning                    2
   d - Repel Missiles                 Charms/Air                   2
   e - Slow                           Hexes                        2
   f - Conjure Flame                  Conjuration/Fire             3
   g - Mephitic Cloud                 Conjuration/Poison/Air       3
 p - a book of Frost

   Spells                             Type                      Level
   a - Freeze                         Ice                          1
   b - Throw Frost                    Conjuration/Ice              2
   c - Ozocubu's Armour               Charms/Ice                   3
   d - Throw Icicle                   Conjuration/Ice              4
   e - Summon Ice Beast               Ice/Summoning                4
   f - Condensation Shield            Ice                          4
 s - a book of Death

   Spells                             Type                      Level
   a - Corpse Rot                     Necromancy                   2
   b - Sublimation of Blood           Necromancy                   2
   c - Agony                          Necromancy                   5
   d - Dispel Undead                  Necromancy                   5
   e - Excruciating Wounds            Charms/Necromancy            5
   f - Bolt of Draining               Conjuration/Necromancy       5
Comestibles
 d - 7 bread rations
 h - 5 chunks of flesh
 l - 3 meat rations
 w - 2 slices of pizza


   Skills:
 + Level 5.2 Dodging
 - Level 2.4 Stealth
 * Level 8.7 Spellcasting
 * Level 5.5 Conjurations
 - Level 1.1 Summonings
 - Level 2.2 Translocations
 * Level 4.0 Fire Magic
 * Level 3.6 Air Magic
 + Level 2.7 Poison Magic


You had 11 spell levels left.
You knew the following spells:

 Your Spells              Type           Power        Failure   Level  Hunger
a - Magic Dart            Conj           ####         1%          1    None
b - Conjure Flame         Conj/Fire      #####...     2%          3    None
c - Call Imp              Summ           ###.....     6%          2    None
d - Blink                 Tloc           N/A          3%          2    None
e - Mephitic Cloud        Conj/Pois/Air  ####....     3%          3    None
f - Repel Missiles        Chrm/Air       ###...       3%          2    None


Dungeon Overview and Level Annotations

Branches:
Dungeon (8/15)             Temple (1/1) D:4
   Lair: D:8-11

Altars:
Ashenzari
Cheibriados
Dithmenos
Elyvilon
Fedhas
Gozag
Makhleb
Nemelex Xobeh
Okawaru
Qazlal
Ru
Sif Muna
Trog
Vehumet
Xom
Yredelemnul
Zin
The Shining One

Shops:
D:6 [

Annotations:
D:3 faibistes' ghost, average DEWz


Message History

An orc is nearby!
Casting: Magic Dart
Confirm with . or Enter, or press ? or * to list all spells.
Aiming: Magic Dart
Press: ? - help, Shift-Dir - straight line, f - orc
Aim: an orc, wielding a club and wearing a leather armour (hasn't noticed you)
The magic dart hits the orc.
The orc shouts!
The orc zaps a wand.
The bolt of cold hits you!
* * * LOW HITPOINT WARNING * * *
It is a wand of cold.
Casting: Magic Dart
Confirm with . or Enter, or press ? or * to list all spells.
Aiming: Magic Dart
Press: ? - help, Shift-Dir - straight line, f/p - orc
Aim: an orc, wielding a club, wearing a leather armour and carrying a wand of cold {zapped: 1} The magic dart hits the orc.
The orc is moderately wounded.
The orc zaps a wand.
The bolt of cold hits you!
You die...

..##### *,,,,,,,,***,*,,,*,
......# ###*,,,,,,,,*,,,*,,,*,
...##.# #....,,,,,,,*,*,*,,,*,
....#.######...,,,,,,,,*,*,,,,,*,
....#.#....#...,,,,,,,,*,*,***,*,
...........#..,,,,,,,,,*,*,* *,*,
...........#..,,,,,,,***,*,* *,*,
........)..#.######### *,*,* *,*,
...........#.#..@....# *,*,***,*,
....#.#....#.#.#####.# *,*,,,,,**
#.###........o.# *.# *,*******
...........#)### *.# *,*
#.#####.####.#******+#**,*
....###...##.#,,,,,,,,**,*
#.##5.....##..,,,,,,,,**,*
...a5.#...####,,,,,,,,**,*
##.#5.#...# *,,,,,,,,**,*


You could see an orc.

Vanquished Creatures
  Eustachio (D:6)
  An orc warrior (D:7)
  2 ice beasts
  A sky beast (D:4)
  A necrophage (D:6)
  2 ogres
  A big kobold (D:7)
  A scorpion (D:4)
  2 crimson imps
  An orc priest (D:5)
  2 hounds
  3 orc wizards
  6 worker ants
  Ijyb (D:4)
  A hound skeleton (D:6)
  3 gnolls (D:6)
  8 adders
  3 shadow imps
  A white imp (D:3)
  4 worms (D:3)
  An adder zombie (D:5)
  6 giant geckos
  9 orcs
  A bat skeleton (D:4)
  A bat zombie (D:5)
  7 giant cockroaches
  14 goblins
  10 hobgoblins
  2 jackals (D:6)
  An ooze (D:1)
  A quokka (D:5)
  15 bats
  2 giant newts (D:1)
  A goblin zombie (D:6)
  A jackal skeleton (D:5)
  23 kobolds
  10 rats
150 creatures vanquished.

Vanquished Creatures (collateral kills)
  3 adders
  A shadow imp (D:7)
  A goblin (D:1)
  A hobgoblin (D:1)
6 creatures vanquished.

Vanquished Creatures (others)
  2 shadow imps
  A white imp (D:4)
3 creatures vanquished.

Grand Total: 159 creatures vanquished

Notes
Turn   | Place    | Note
--------------------------------------------------------------
     0 | D:1      | faibistes, the Deep Elf Wizard, began the quest for the Orb.
     0 | D:1      | Reached XP level 1. HP: 10/10 MP: 6/6
   351 | D:1      | Reached XP level 2. HP: 15/15 MP: 5/10
   394 | D:1      | Learned a level 2 spell: Blink
   397 | D:1      | Learned a level 2 spell: Call Imp
   749 | D:1      | Reached skill level 5 in Spellcasting
   897 | D:2      | Reached XP level 3. HP: 19/19 MP: 5/14
   902 | D:2      | Learned a level 3 spell: Conjure Flame
   906 | D:2      | Learned a level 3 spell: Mephitic Cloud
  1783 | D:2      | Found a bloodstained altar of Trog.
  2036 | D:2      | Reached XP level 4. HP: 21/24 MP: 12/17
  2045 | D:2      | Learned a level 2 spell: Repel Missiles
  2429 | D:3      | Noticed faibistes' ghost (average DEWz)
  3113 | D:5      | Entered Level 5 of the Dungeon
  3495 | D:4      | Reached XP level 5. HP: 28/28 MP: 14/20
  3593 | D:4      | Reached skill level 6 in Spellcasting
  3677 | D:4      | Found a snail-covered altar of Cheibriados.
  3704 | D:4      | Noticed Ijyb
  3713 | D:4      | Killed Ijyb
  3810 | D:4      | Noticed a sky beast
  3832 | D:4      | Killed a sky beast
  3832 | D:4      | Reached XP level 6. HP: 20/32 MP: 11/22
  3979 | D:4      | Found a staircase to the Ecumenical Temple.
  3989 | Temple   | Entered the Ecumenical Temple
  4070 | Temple   | Became a worshipper of Sif Muna the Loreminder
  4319 | D:5      | Noticed an ogre
  4325 | D:5      | Killed an ogre
  4390 | D:5      | Reached skill level 7 in Spellcasting
  4390 | D:5      | Reached skill level 1 in Air Magic
  4474 | D:5      | Reached skill level 1 in Fire Magic
  4715 | D:5      | Noticed an ice beast
  4749 | D:5      | Killed an ice beast
  4749 | D:5      | Reached XP level 7. HP: 36/36 MP: 11/25
  5719 | D:8      | Acquired Sif Muna's first power
  5719 | D:8      | Reached skill level 1 in Poison Magic
  5909 | D:6      | Noticed Eustachio
  5915 | D:6      | Killed Eustachio
  5971 | D:6      | Found a burning altar of Makhleb.
  5974 | D:6      | Noticed a necrophage
  6005 | D:6      | Killed a necrophage
  6005 | D:6      | Reached skill level 5 in Conjurations
  6005 | D:6      | Reached XP level 8. HP: 36/41 MP: 17/27
  6166 | D:6      | Found a sparkling altar of Nemelex Xobeh.
  6246 | D:6      | Reached skill level 8 in Spellcasting
  6298 | D:6      | Noticed an ogre
  6304 | D:6      | Killed an ogre
  6304 | D:6      | Reached skill level 5 in Dodging
  6469 | D:6      | Found Asir's Antique Armour Shoppe.
  6472 | D:6      | Bought a pair of glowing gloves for 130 gold pieces
  6972 | D:7      | Acquired Sif Muna's second power
  7633 | D:7      | Killed from afar by an orc

Action                   |  1- 3 |  4- 6 |  7- 9 || total
-------------------------+-------+-------+-------++-------
Melee: Unarmed           |     6 |       |       ||     6
       Dagger            |       |     5 |     5 ||    10
       Spear             |       |       |    27 ||    27
 Cast: Magic Dart        |    82 |   140 |   199 ||   421
       Call Imp          |     8 |     3 |     8 ||    19
       Repel Missiles    |       |     2 |       ||     2
       Mephitic Cloud    |       |     7 |     6 ||    13
       Conjure Flame     |       |     7 |    10 ||    17
       Blink             |       |       |     3 ||     3
  Use: Scroll            |     1 |     1 |     9 ||    11
 Stab: Sleeping          |     1 |     1 |       ||     2
       Confused          |       |       |     1 ||     1
  Eat: Chunk             |     3 |     8 |     8 ||    19
       Beef jerky        |       |       |     1 ||     1
